 Dungeon Crawl Stone Soup version 0.28.0 (webtiles) character file.

Game seed: 3180618036634694910

925 HallandMoats the Skirmisher (level 8, -3/51 HPs)
             Began as a Gargoyle Fighter on Feb 7, 2022.
             Was an Initiate of Okawaru.
             Slain by Prince Ribbit (11 damage)
             ... on level 6 of the Dungeon.
             The game lasted 00:05:21 (4552 turns).

HallandMoats the Skirmisher (Gargoyle Fighter)      Turns: 4552, Time: 00:05:22

Health: -3/51      AC: 20    Str: 20    XL:     8   Next: 10%
Magic:  20/20      EV: 12    Int:  9    God:    Okawaru [......]
Gold:   288        SH:  6    Dex: 11    Spells: 7/7 levels left

rFire   . . .      SeeInvis .   a - +0 war axe
rCold   . . .      Faith    .   c - +0 buckler
rNeg    + . .      Spirit   .   b - +0 scale mail
rPois   ∞          Reflect  .   m - +0 helmet
rElec   +          Harm     .   C - +2 cloak
rCorr   .          Rampage  .   n - +0 pair of gloves
Will    .....                   (no boots)
Stlth   +.........              e - amulet of regeneration
HPRegen 0.97/turn               v - ring of flight
MPRegen 0.17/turn               A - ring of magical power

@: heroic, flying
A: sickness immunity, AC +5, negative energy resistance 1, electricity
resistance, torment resistance 1, petrification resistance
a: Renounce Religion


You were on level 6 of the Dungeon.
You worshipped Okawaru.
Okawaru was noncommittal.
You visited 2 branches of the dungeon, and saw 7 of its levels.
You also visited: Sewer.

You collected 288 gold pieces.

Inventory:

Hand Weapons
 a - a +0 war axe (weapon)
Armour
 b - a +0 scale mail (worn)
 c - a +0 buckler (worn)
 m - a +0 helmet (worn)
 n - a +0 pair of gloves (worn)
 C - a +2 cloak (worn)
Jewellery
 e - an amulet of regeneration (around neck)
 v - a ring of flight (left hand)
 w - a ring of protection from cold
 A - a ring of magical power (right hand)
Wands
 y - a wand of flame (20)
 B - a wand of paralysis (9)
Scrolls
 g - 8 scrolls of identify {unknown}
 h - 2 scrolls of amnesia {unknown}
 i - a scroll of summoning {unknown}
 j - a scroll of magic mapping {unknown}
 k - 2 scrolls of blinking {unknown}
 q - 2 scrolls of vulnerability {unknown}
 r - 2 scrolls of fog {unknown}
 s - a scroll of fear {unknown}
Potions
 d - a potion of flight {unknown}
 f - 3 potions of curing {unknown}
 l - 4 potions of heal wounds {unknown}
 o - 2 potions of haste {unknown}
 p - a potion of attraction {unknown}
 t - 2 potions of lignification {unknown}
 u - 2 potions of ambrosia {unknown}
 x - a potion of mutation {unknown}
 z - 3 potions of invisibility {unknown}


   Skills:
 * Level 5.7(10.7) Fighting
 * Level 4.1(9.1) Axes
 + Level 4.6(9.6) Armour
 + Level 2.2(7.2) Dodging
 + Level 4.5(9.5) Shields
 * Level 4.3 Invocations


You had 7 spell levels left.
You didn't know any spells.
Your spell library contained the following spells:

 Spells                   Type           Power      Damage    Failure   Level
 Magic Dart               Conj           0%         1d3       75%         1
 Corpse Rot               Necr/Air       0%         N/A       87%         2
 Poisonous Vapours        Pois/Air       0%         N/A       87%         2
 Mephitic Cloud           Conj/Pois/Air  0%         N/A       98%         3
 Call Imp                 Summ           Unusable   N/A       N/A         2

Dungeon Overview and Level Annotations

Branches:
Dungeon (6/15)             Temple (1/1) D:5           Sewer (visited)

Altars:
Cheibriados
Elyvilon
Fedhas
Gozag
Kikubaaqudgha
Makhleb
Nemelex Xobeh
Okawaru
Qazlal
Ru
Sif Muna
Trog
Uskayaw
Vehumet
Wu Jian
Xom
Yredelemnul

Annotations:
D:6 Prince Ribbit


Innate Abilities, Weirdness & Mutations

You are immune to sickness and miasma.
Your stone body is resilient. (AC +5)
You are immune to poison.
You resist negative energy. (rN+)
You are resistant to electric shocks. (rElec)
You are resistant to unholy torment.
You are immune to petrification.


Message History

The jelly closely misses you.
You hit the jelly.
Your hands burn!
The jelly is almost dead.
The jelly barely misses you.
You are too injured to fight recklessly!
You are too injured to fight recklessly!
You are too injured to fight recklessly!
You are too injured to fight recklessly!
Unknown command.
You are too injured to fight recklessly!
Unknown command.
You are too injured to fight recklessly!
Unknown command.
You are too injured to fight recklessly!
Unknown command.
You hit the jelly.
You kill the jelly!
Okawaru accepts your kill.
You hit Prince Ribbit. Prince Ribbit hits you!
* * * LOW HITPOINT WARNING * * *
You barely miss Prince Ribbit.
Prince Ribbit is lightly wounded.
Prince Ribbit closely misses you. Prince Ribbit misses you.
You completely miss Prince Ribbit.
Prince Ribbit is lightly wounded.
Prince Ribbit closely misses you.
You hit Prince Ribbit.
Prince Ribbit is moderately wounded.
Prince Ribbit misses you.
You slash Prince Ribbit!
Prince Ribbit is heavily wounded.
Prince Ribbit hits you.
* * * LOW HITPOINT WARNING * * *
You block Prince Ribbit's attack.
You barely miss Prince Ribbit.
Prince Ribbit is heavily wounded.
Prince Ribbit hits you!
* * * LOW HITPOINT WARNING * * *
Prince Ribbit hits you!
You die...

###.#.#.###
#.........+ . .
#.....<...#+#. ..
#......<.....
##.#..........# #
..............#.#.#
#..........#....#
#....<...F..#.#.#
#........@......#
#..?........#.#.#
#.....########...#
#.#.#. #.## ......
.# #.#.# # #...


You could see Prince Ribbit.

Vanquished Creatures
  Duvessa (D:5)
  An ice beast (D:5)
  An ogre (D:4)
  A scorpion (D:4)
  A water moccasin zombie (D:5)
  Dowan (D:5)
  A bullfrog zombie (D:6)
  3 hounds
  A jelly (D:6)
  A centaur skeleton (D:5)
  Crazy Yiuf (D:5)
  An orc wizard (D:4)
  A scorpion zombie (D:5)
  8 adders
  8 river rats
  2 ufetubi (D:5)
  2 dart slugs (D:2)
  2 orcs (D:4)
  8 ball pythons
  5 endoplasms (D:1)
  5 giant cockroaches
  2 hobgoblins
  5 kobolds
  5 quokkas
  4 bats
  11 frilled lizards
  5 goblins
  A quokka skeleton (D:4)
  12 rats
100 creatures vanquished.

Notes
Turn   | Place    | Note
-------+----------+-------------------------------------------
     0 | D:1      | HallandMoats the Gargoyle Fighter began the quest for the
                  | Orb.
     0 | D:1      | Reached XP level 1. HP: 14/14 MP: 1/1
   133 | D:1      | Found a faded altar of an unknown god.
   184 | D:1      | Reached XP level 2. HP: 14/19 MP: 2/2
   458 | D:2      | Reached skill level 1 in Invocations
   475 | D:2      | Reached XP level 3. HP: 23/23 MP: 3/3
  1159 | D:3      | Found a glowing drain.
  1177 | D:3      | Reached XP level 4. HP: 25/29 MP: 3/5
  1183 | D:3      | Reached skill level 4 in Fighting
  1189 | Sewer    | Entered a sewer
  1229 | Sewer    | Reached skill level 1 in Dodging
  1241 | Sewer    | Reached XP level 5. HP: 33/33 MP: 6/6
  2648 | D:4      | Noticed an ogre
  2670 | D:4      | Killed an ogre
  2671 | D:4      | Reached XP level 6. HP: 5/39 MP: 6/8
  3271 | D:5      | Entered Level 5 of the Dungeon
  3273 | D:5      | Found a staircase to the Ecumenical Temple.
  3279 | D:5      | Reached skill level 5 in Fighting
  3279 | D:5      | Reached XP level 7. HP: 44/44 MP: 9/9
  3287 | Temple   | Entered the Ecumenical Temple
  3636 | D:5      | Found an iron altar of Okawaru.
  3664 | D:5      | Became a worshipper of Warmaster Okawaru
  4002 | D:5      | Found a runed translucent door.
  4003 | D:5      | Noticed Crazy Yiuf
  4240 | D:5      | Noticed Duvessa
  4240 | D:5      | Noticed Dowan
  4248 | D:5      | Killed Dowan
  4251 | D:5      | Killed Duvessa
  4251 | D:5      | Reached * piety under Okawaru
  4429 | D:5      | Killed Crazy Yiuf
  4430 | D:5      | Reached XP level 8. HP: 51/51 MP: 8/11
  4525 | D:6      | Noticed Prince Ribbit
  4552 | D:6      | Slain by Prince Ribbit

Illustrated notes

Levels and vault maps discovered:
D:1:      dpeg_arrival_windows_large_door, layout_rooms,
          hellmonk_ecumenical_altar_blasted
D:2:      layout_loops_ring, minmay_domino_4
D:3:      minmay_general_purpose_star, layout_loops_corners,
          portal_sewer_entry_b
D:4:      layout_gridville
D:5:      layout_basic, mainiacjoe_overflow_catwalk, minmay_temple_entry_wispy,
          uniq_duvessa, uniq_crazy_yiuf_cottage
D:6:      layout_loops_ring, nicolae_hepliaklqana_ecumenical_no_more,
          serial_shops, kennysheep_mini_moat, nicolae_shop_hallway_stairs,
          nicolae_shop_behind_doors, shop, nicolae_lakefront_shop,
          uniq_prince_ribbit1
Temple:   eino_temple_rhombus

Skill      XL: |  1  2  3  4  5  6  7 |
---------------+----------------------+-----
Axes           | 2 3 4 |  4.1
Invocations    | 1 2 3 4 |  4.3
Fighting       | 4 5 |  5.7
Dodging        | 1 2 |  2.2
Armour         | 4 |  4.6
Shields        | 4 |  4.5

Action                   |  1- 3 |  4- 6 |  7- 9 || total
-------------------------+-------+-------+-------++-------
Melee: War axe           |   103 |   168 |    99 ||   370
Invok: Heroism           |       |       |     2 ||     2
  Use: Potion            |       |       |     1 ||     1
Armor: Scale mail        |    77 |   113 |    71 ||   261
Dodge: Dodged            |    67 |    86 |    72 ||   225
Block: Buckler           |    35 |    36 |    39 ||   110
